 Dungeon Crawl Stone Soup version 0.29.1-12-g30fa7ad0bf (webtiles) character file.

Game seed: 13689112512471875722

513 Coaxmetal the Arsonist (level 7, -7/50 HPs)
             Began as a Red Draconian Fire Elementalist on Dec 19, 2022.
             Was an Initiate of Ashenzari.
             Killed by divine providence
             ... invoked by an orc priest
              (13 damage)
             ... on level 5 of the Dungeon.
             The game lasted 00:09:10 (6476 turns).

Coaxmetal the Arsonist (DrFE)                       Turns: 6476, Time: 00:09:12

Health: -7/50      AC:  8    Str: 17    XL:     7   Next: 0%
Magic:  4/10       EV: 12    Int: 17    God:    Ashenzari [......]
Gold:   316        SH:  0    Dex: 11    Spells: 7/10 levels left

rFire   + . .      SeeInvis .   v - +0 spear
rCold   . . .      Faith    .   (no shield)
rNeg    . . .      Spirit   .   (body armour unavailable)
rPois   .          Reflect  .   (helmet restricted)
rElec   .          Harm     .   d - scarf "Sibylline Repose" {repulsion, Elem, Bglg} (curse)
rCorr   .          Rampage  .   C - +0 pair of gloves
Will    +....                   g - +0 pair of boots
Stlth   ++........              (no amulet)
HPRegen 0.16/turn               c - ring of willpower
MPRegen 0.12/turn               u - +6 ring of strength

@: repel missiles
A: breathe fire, AC +6, unfitting armour, fire resistance 1, cold-blooded
a: Breathe Fire, Renounce Religion, Curse Item, Shatter the Chains


You were on level 5 of the Dungeon.
You worshipped Ashenzari.
Ashenzari was noncommittal.
You visited 2 branches of the dungeon, and saw 6 of its levels.
You also visited: Ossuary.

You collected 316 gold pieces.

Inventory:

Hand Weapons
 v - a +0 spear (weapon)
 y - the +2 sling "Oremuepe" {freeze, rF- rC+ rCorr Int+3}
   (You found it on level 5 of the Dungeon)

   Any ammunition fired from it freezes those it strikes, dealing additional
   cold damage.
   It can also slow down cold-blooded creatures.
   Int:       It affects your intelligence (+3).
   rF:        It makes you vulnerable to fire.
   rC:        It protects you from cold.
   rCorr:     It protects you from acid and corrosion.
 B - a +2 halberd of protection
Missiles
 e - 14 poisoned darts
Armour
 d - the cursed scarf "Sibylline Repose" (worn) {repulsion, Elem, Bglg}
   (You found it on level 1 of the Dungeon)

   It has a curse which improves the following skills: Elements: Fire Magic, Ice
   Magic, Air Magic and Earth Magic.
   Beguiling: Conjurations, Hexes and Translocations.
 g - a +0 pair of boots (worn)
 C - a +0 pair of gloves (worn)
Jewellery
 b - an amulet of faith
 c - a ring of willpower (left hand)
 h - a ring of ice
 t - an amulet of guardian spirit
 u - a +6 ring of strength (right hand)
Wands
 s - a wand of polymorph (10)
Scrolls
 j - 4 scrolls of enchant weapon
 m - a scroll of amnesia
 o - a scroll of fog
 p - 3 scrolls of enchant armour
 x - a scroll of teleportation
Potions
 a - a potion of magic
 i - a potion of mutation
 k - 3 potions of degeneration {unknown}
 l - a potion of attraction {unknown}
 n - 2 potions of heal wounds {unknown}
 q - 2 potions of cancellation {unknown}
 r - 2 potions of brilliance {unknown}
 w - a potion of berserk rage {unknown}
 z - a potion of ambrosia {unknown}
 A - a potion of curing


   Skills:
 - Level 1.7 Dodging
 - Level 4.0 Stealth
 - Level 2.0 Spellcasting
 + Level 2.1(2.4) Conjurations
 - Level 8.1(8.6) Fire Magic


You had 7 spell levels left.
You knew the following spells:

 Your Spells              Type           Power      Damage    Failure   Level
a - Foxfire               Conj/Fire      80%        2x1d8     1%          1
b - Scorch                Fire           62%        2d8       1%          2

Your spell library contained the following spells:

 Spells                   Type           Power      Damage    Failure   Level
 Conjure Flame            Conj/Fire      20%        6-21      6%          3
 Inner Flame              Hex/Fire       16%        N/A       10%         3
 Flame Wave               Conj/Fire      20%        2d7       21%         4


Dungeon Overview and Level Annotations

Branches:
Dungeon (5/15)             Temple (1/1) D:4         Ossuary (visited)

Altars:
Ashenzari
Cheibriados
Elyvilon
Fedhas
Gozag
Hepliaklqana
Kikubaaqudgha
Makhleb
Okawaru
Qazlal
Ru
Sif Muna
Trog
Uskayaw
Vehumet
Wu Jian
Xom
Yredelemnul
The Shining One


Innate Abilities, Weirdness & Mutations

You can breathe blasts of fire.
Your fiery red scales are hard. (AC +6)
You cannot fit into any form of body armour.
Your flesh is heat resistant. (rF+)
You are cold-blooded and may be slowed by cold attacks.


Message History

The orc is heavily wounded.
The foxfire hits the orc.
The orc is almost dead.
The orc priest calls down the wrath of Beogh upon you.
Beogh smites you!
* * * LOW HITPOINT WARNING * * *
As you read the scroll of fog, it crumbles to dust.
The scroll dissolves into smoke.
The orc hits you from afar with a +0 trident.
* * * LOW HITPOINT WARNING * * *
Casting: Foxfire (safe; 2% risk of failure)
Press: ? - help, Q - select action, (/) - cycle Dir - look around, f - activate You conjure some foxfire!
The orc hits you but does no damage.
Your foxfire dissipates!
The foxfire hits the orc but does no damage.
The orc is almost dead.
Casting: Foxfire (safe; 2% risk of failure)
Press: ? - help, Q - select action, (/) - cycle Dir - look around, f - activate You conjure some foxfire!
The orc barely misses you.
The foxfire hits the orc.
You kill the orc!
You have reached level 7!
Your scales start taking on a fiery red colour.
You learn Fire Magic much quicker.
Your Fire Magic skill gained 2 levels and is now at level 8!
You learn Ice Magic much slower.
Training target 8.0 for Fire Magic reached!
You can breathe blasts of fire.
You feel resistant to heat.
Unknown command.
Aiming: Breathe Fire (5% risk of failure)
Press: ? - help, Shift-Dir - straight line, f - orc priest
Aim: an orc priest, wielding a +0 club (ally target, 68% to hit)
You fail to use your ability.
The foxfire hits the orc priest.
The orc priest is moderately wounded.
The orc priest mumbles some strange prayers to Beogh against you.
Beogh smites you!
You die...

#............###.................
.#............##.###.............
.................###.............
....#..........##................
...###..........###...........###
.### ###....................###
.# ##...§........###...## ##
##.§§..§.....###...# #
##..§§.@.....#....# #
##o.#####........## # #§§.#
####.....## #§§## ##.....###
##§§# ##......### #§§##
##........## ##§§# #...###.....
#§§§# #..## ###... ##§§## #..#
####


You could see an orc priest.

Vanquished Creatures
  An ice beast (D:5)
  2 ogres (D:5)
  16 gnolls
  An adder (D:3)
  2 worms (D:3)
  4 dart slugs
  2 orcs (D:5)
  6 ball pythons
  4 bats
  7 endoplasms
  4 giant cockroaches
  8 goblins
  3 hobgoblins (D:3)
  8 jackals
  4 quokkas
  3 frilled lizards
  4 kobolds
  2 rats
81 creatures vanquished.

Vanquished Creatures (others)
  290 foxfires
  A withered plant (Ossuary)
291 creatures vanquished.

Grand Total: 372 creatures vanquished

Notes
Turn   | Place    | Note
-------+----------+-------------------------------------------
     0 | D:1      | Coaxmetal the Draconian Fire Elementalist began the quest
                  | for the Orb.
     0 | D:1      | Reached XP level 1. HP: 14/14 MP: 3/3
   431 | D:1      | Reached XP level 2. HP: 10/20 MP: 3/5
  1506 | D:1      | Found a faded altar of an unknown god.
  1619 | D:2      | Reached XP level 3. HP: 26/26 MP: 4/6
  2015 | D:2      | Learned a level 2 spell: Scorch
  2607 | D:3      | Reached skill level 4 in Fire Magic
  2634 | D:3      | Reached XP level 4. HP: 33/33 MP: 0/7
  3874 | D:4      | Found a sand-covered staircase.
  3879 | Ossuary  | Entered an ossuary
  4365 | D:4      | Found a staircase to the Ecumenical Temple.
  4444 | D:4      | Reached XP level 5. HP: 34/38 MP: 4/8
  4878 | Temple   | Entered the Ecumenical Temple
  5281 | Temple   | Became a worshipper of Ashenzari the Shackled
  5319 | D:5      | Entered Level 5 of the Dungeon
  5430 | D:5      | Noticed an ice beast
  5441 | D:5      | Killed an ice beast
  5442 | D:5      | Reached skill level 5 in Fire Magic
  5515 | D:5      | Identified the +2 sling "Oremuepe" {freeze, rF- rC+ rCorr
                  | Int+3}
  5528 | D:5      | Noticed an ogre
  5577 | D:4      | Reached XP level 6. HP: 44/45 MP: 5/9
  5634 | D:5      | Reached skill level 6 in Fire Magic
  6476 | D:5      | Your scales start taking on a fiery red colour.
  6476 | D:5      | Reached skill level 8 in Fire Magic
  6476 | D:5      | Reached XP level 7. HP: 6/50 MP: 4/10
  6476 | D:5      | Gained mutation: Your flesh is heat resistant. (rF+) [Red
                  | Draconian growth]
  6476 | D:5      | Killed from afar by an orc priest

Illustrated notes

Levels and vault maps discovered:
D:1:      amcnicky_arrival_wind_blow, layout_loops_corners,
          shapermc_ecumenical_altar_mp_urbaneastern
D:2:      layout_basic, hangedman_decor_points
D:3:      layout_rooms
D:4:      layout_basic, minmay_temple_entry_hall, enter_ossuary_5
D:5:      layout_layer_cave, dk_rats_in_the_wall
Temple:   mainiacjoe_temple_big_plus

Skill      XL: |  1  2  3  4  5  6 |
---------------+-------------------+-----
Stealth        | 2 3 4 |  4.0
Fire Magic     | 4 5 8 |  8.1
Conjurations   | 2 |  2.1
Dodging        | |  1.7
Spellcasting   | |  2.0

Action                   |  1- 3 |  4- 6 |  7- 9 || total
-------------------------+-------+-------+-------++-------
Melee: Unarmed           |     7 |     3 |       ||    10
       Tailslap          |     1 |       |       ||     1
       Spear             |       |    16 |       ||    16
 Cast: Foxfire           |    75 |   100 |       ||   175
       Scorch            |     1 |    10 |       ||    11
Invok: Curse Item        |       |     1 |       ||     1
  Use: Scroll            |       |     7 |       ||     7
Armor: Skin              |    18 |     8 |       ||    26
Dodge: Dodged            |    40 |    32 |       ||    72
       Repelled          |     3 |       |       ||     3
